 Dungeon Crawl Stone Soup version 0.21-a0-274-gc1afaeb (webtiles) character file.

325 vishdafish the Skirmisher (level 6, -2/48 HPs)
             Began as a Demonspawn Fighter on Sept 18, 2017.
             Slain by an ogre
             ... wielding a +0 giant club
              (21 damage)
             ... on level 5 of the Dungeon.
             The game lasted 00:10:56 (4725 turns).

vishdafish the Skirmisher (Demonspawn Fighter)      Turns: 4725, Time: 00:10:57

Health: -2/48      AC:  6    Str: 19    XL:     6   Next: 24%
Magic:  6/6        EV:  7    Int:  9    God:
Gold:   104        SH: 12    Dex: 12    Spells: 5/5 levels left

rFire    . . .     SeeInvis .   a - +0 long sword
rCold    + . .     Gourm    .   c - +0 shield
rNeg     . . .     Faith    .   b - +0 scale mail
rPois    +         Spirit   .   (helmet restricted)
rElec    .         Reflect  .   (no cloak)
rCorr    .         Harm     .   (no gloves)
MR       .....                  (no boots)
Stlth    ..........             (no amulet)
HPRegen  0.16/turn              h - ring of protection from cold
MPRegen  0.10/turn              s - ring of poison resistance

@: drained
A: antennae 1, large bone plates 1, powered by death 2
a: no special abilities


You were on level 5 of the Dungeon.
You were not hungry.

You visited 2 branches of the dungeon, and saw 7 of its levels.

You collected 104 gold pieces.

Inventory:

Hand Weapons
 a - a +0 long sword (weapon)
Armour
 b - a +0 scale mail (worn)
 c - a +0 shield (worn)
Jewellery
 g - an uncursed ring of ice
 h - a ring of protection from cold (left hand)
 s - a ring of poison resistance (right hand)
 v - an uncursed amulet of harm
Scrolls
 e - 5 scrolls of remove curse
 i - a scroll of fear
 k - a scroll of amnesia {unknown}
Potions
 j - a potion of brilliance {unknown}
 m - a potion of curing
 n - a potion of berserk rage {unknown}
 p - 2 potions of degeneration {unknown}
 q - a potion of agility {unknown}
 u - 2 potions of cancellation {unknown}
Books
 d - a book of Cantrips

   Spells                             Type                      Level
   a - Confusing Touch                Hexes                        1
   b - Animate Skeleton               Necromancy                   1
   c - Summon Small Mammal            Summoning                    1
   d - Apportation                    Translocation                1
 r - a book of Callings

   Spells                             Type                      Level
   a - Summon Small Mammal            Summoning                    1
   b - Call Imp                       Summoning                    2
   c - Call Canine Familiar           Summoning                    3
   d - Summon Guardian Golem          Hexes/Summoning              3
   e - Summon Lightning Spire         Summoning/Air                4
   f - Summon Ice Beast               Ice/Summoning                4
Comestibles
 f - 2 bread rations
 l - 4 meat rations
 o - a royal jelly


   Skills:
 + Level 4.0(3.0) Fighting
 * Level 3.8(2.7) Long Blades
 + Level 3.0(2.0) Armour
 * Level 2.6(1.6) Dodging
 + Level 3.4(2.3) Shields


You had 5 spell levels left.
You didn't know any spells.

Dungeon Overview and Level Annotations

Branches:
Dungeon (6/15)             Temple (1/1) D:4

Altars:
Ashenzari
Cheibriados
Dithmenos
Elyvilon
Fedhas
Hepliaklqana
Kikubaaqudgha
Makhleb
Ru
Sif Muna
Vehumet
Xom
Zin
The Shining One

Shops:
D:4 %

Annotations:
D:4 Sigmund


Innate Abilities, Weirdness & Mutations

You have a pair of small antennae on your head.
You are partially covered in large bone plates. (SH +4)
You regenerate health from kills.


Message History

You see here a leopard gecko corpse.
There is a stone staircase leading down here.
There is a stone staircase leading up here.
Okay, then.
There is a stone staircase leading up here.
You climb upwards.
The ogre hits you with a giant club!
There is a stone staircase leading down, spattered with blood here.
You hit the ogre.
The ogre is lightly wounded.
The ogre hits you with a giant club!
You hit the ogre.
The ogre is moderately wounded.
You block the ogre's attack.
Your shield and scale mail prevent you from hitting the ogre.
The ogre is moderately wounded.
You block the ogre's attack.
You hit the ogre.
The ogre is heavily wounded.
The ogre hits you with a giant club!!
You die...

.## ....
.....####+###
......O.....##
#@.....#
#.....<#
..(.....>.#
...........#
#)..##.....##
##.. #.....#
#. #.....# .
.......#
##.[...#


You could see an ogre.

Vanquished Creatures
  The ghost of George the Slasher, a weakling MiFi (D:3)
  A howler monkey (D:3)
  An orc wizard (D:4)
  4 worker ants
  2 adders (D:2)
  2 worms (D:2)
  3 dart slugs
  3 leopard geckos
  6 orcs
  2 ball pythons
  6 giant cockroaches
  4 goblins
  3 hobgoblins (D:2)
  13 jackals
  9 kobolds
  A quokka (D:4)
  9 bats
  8 frilled lizards
  8 rats
86 creatures vanquished.

Notes
Turn   | Place    | Note
-------+----------+-------------------------------------------
     0 | D:1      | vishdafish the Demonspawn Fighter began the quest for the Orb.
     0 | D:1      | Reached XP level 1. HP: 18/18 MP: 1/1
    95 | D:1      | Gained mutation: You are partially covered in large bone plates. (SH +4) [demonic ancestry]
    95 | D:1      | Reached XP level 2. HP: 24/24 MP: 2/2
   403 | D:1      | Reached skill level 1 in Dodging
   487 | D:1      | Gained mutation: You have a pair of small antennae on your head. [demonic ancestry]
   487 | D:1      | Reached XP level 3. HP: 22/29 MP: 3/3
   810 | D:2      | Found a blossoming altar of Fedhas.
  1583 | D:2      | Gained mutation: You regenerate a little health from kills. [demonic ancestry]
  1583 | D:2      | Reached XP level 4. HP: 29/35 MP: 4/4
  1658 | D:2      | Found a snail-covered altar of Cheibriados.
  1894 | D:2      | Found a hazy altar of Hepliaklqana.
  2411 | D:3      | Found a glowing silver altar of Zin.
  2459 | D:3      | Noticed George's ghost (weakling MiFi)
  2848 | D:3      | Killed George's ghost
  2887 | D:3      | Gained mutation: You regenerate health from kills. [demonic ancestry]
  2887 | D:3      | Reached XP level 5. HP: 42/42 MP: 5/5
  3497 | D:4      | Found a staircase to the Ecumenical Temple.
  3522 | Temple   | Entered the Ecumenical Temple
  3708 | D:4      | Noticed Sigmund
  3846 | D:4      | Found Lam Lerchump's Food Shoppe.
  4140 | D:4      | Reached skill level 4 in Fighting
  4140 | D:4      | Reached XP level 6. HP: 30/48 MP: 6/6
  4516 | D:4      | Found a glowing golden altar of the Shining One.
  4657 | D:5      | Entered Level 5 of the Dungeon
  4725 | D:5      | Slain by an ogre

Vault maps used:
D:1:      dpeg_arrival_concentric_ovals, chequers_big_river
D:2:      lemuel_doored_altar, cheibriados_altar_1,
          lemuel_coloured_pillars_altar
D:3:      nicolae_overflow_hidden_temple
D:4:      lemuel_crystal_altar, minmay_temple_entry_glass, serial_shops, shop,
          uniq_sigmund
D:5:      kennysheep_mini_moat, kennysheep_mini, first_bread,
          palyth_stone_intersect, hangedman_decor_growths
D:6:      overflow_temple_1_default
Temple:   jpeg_temple_island

Skill      XL: |  1  2  3  4  5 |
---------------+----------------+-----
Long Blades    | 2 3 |  3.8
Dodging        | 1 2 |  2.6
Shields        | 3 |  3.4
Armour         | 3 |  3.0
Fighting       | 4 |  4.0

Action                   |  1- 3 |  4- 6 || total
-------------------------+-------+-------++-------
Melee: Long sword        |   162 |   238 ||   400
  Use: Potion            |       |     2 ||     2
       Scroll            |       |     4 ||     4
  Eat: Chunk             |     2 |     2 ||     4
       Bread ration      |       |     2 ||     2
       Royal jelly       |       |     1 ||     1
Armor: Scale mail        |    84 |    72 ||   156
Dodge: Dodged            |    39 |    51 ||    90
Block: Shield            |   149 |   183 ||   332
       Rpst.: Long sword |    12 |    18 ||    30

Table legend:
 A = Spawn XP
 B = Non-spawn XP
 C = Spawn XP percentage of total XP
 D = Spawn monster count
 E = Non-spawn monster count
 F = Spawn count percentage of total count
 G = Total turns spent on level
                    A         B        C        D         E        F      G
               +---------+---------+-------+---------+---------+-------+---------
         Total |       0 |     465 |   0.0 |       0 |      86 |   0.0 |  4725
               +---------+---------+-------+---------+---------+-------+---------
           D:1 |       0 |      43 |   0.0 |       0 |      23 |   0.0 |  1008
           D:2 |       0 |      81 |   0.0 |       0 |      30 |   0.0 |  1706
           D:3 |       0 |     183 |   0.0 |       0 |      20 |   0.0 |  1196
           D:4 |       0 |     147 |   0.0 |       0 |       8 |   0.0 |   578
           D:5 |       0 |       2 |   0.0 |       0 |       1 |   0.0 |    20
           D:6 |       0 |       9 |   0.0 |       0 |       4 |   0.0 |    48
               +---------+---------+-------+---------+---------+-------+---------
